 Dungeon Crawl Stone Soup version 0.25.1-2-g60ff931df9 (webtiles) character file.

Game seed: 1247569792220832517

7988 DogServant the Grappler (level 11, -4/89 HPs)
             Began as a Red Draconian Transmuter on Nov 8, 2020.
             Was a Believer of Wu Jian.
             Slain by a two-headed ogre
             ... wielding a +0 giant spiked club
              (33 damage)
             ... on level 10 of the Dungeon.
             The game lasted 00:24:36 (13943 turns).

DogServant the Grappler (Red Draconian Transmuter) Turns: 13943, Time: 00:24:41

Health: -4/89      AC:  7    Str: 14    XL:     11   Next: 4%
Magic:  14/17      EV: 21    Int: 15    God:    Wu Jian [**....]
Gold:   296        SH:  0    Dex: 12    Spells: 7/18 levels left

rFire    + . .     SeeInvis .     - Unarmed
rCold    . . .     Gourm    .   (shield currently unavailable)
rNeg     . . .     Faith    .   (armour unavailable)
rPois    +         Spirit   .   (helmet restricted)
rElec    .         Reflect  .   (no cloak)
rCorr    .         Harm     .   (gloves currently unavailable)
MR       .....                  (no boots)
Stlth    +.........             (no amulet)
HPRegen  0.24/turn              C - +4 ring of evasion
MPRegen  0.15/turn              v - ring of poison resistance

@: blade hands (expiring)
A: breathe fire, unfitting armour, fire resistance 1, cold-blooded, AC +7
a: Breathe Fire, End Transformation, Wall Jump, Renounce Religion


You were on level 10 of the Dungeon.
You worshipped Wu Jian.
Wu Jian was pleased with you.
You were hungry.
You had blades for hands.
You visited 2 branches of the dungeon, and saw 11 of its levels.
You also visited: Bailey.

You collected 434 gold pieces.
You spent 138 gold pieces at shops.

Inventory:

Missiles
 a - 80 arrows
 k - 32 poisoned darts (quivered)
Armour
 z - a +0 pair of gloves of strength (melded)
Jewellery
 m - an uncursed ring of see invisible
 r - an uncursed ring of positive energy
 v - a ring of poison resistance (right scythe-like blade)
 C - a +4 ring of evasion (left scythe-like blade)
Wands
 s - a wand of acid (3)
 x - a wand of digging (13)
 y - a wand of random effects (16)
 J - a wand of paralysis (4)
Scrolls
 e - 9 scrolls of remove curse
 i - a scroll of immolation
 j - 4 scrolls of teleportation
 l - 4 scrolls of identify {unknown}
 n - 2 scrolls of enchant weapon
 p - a scroll of fog {unknown}
 E - a scroll of amnesia
 I - a scroll of enchant armour {unknown}
Potions
 b - a potion of resistance {unknown}
 d - 4 potions of heal wounds {unknown}
 g - a potion of lignification {unknown}
 h - 2 potions of might
 o - 2 potions of berserk rage {unknown}
 q - 2 potions of stabbing {unknown}
 t - a potion of curing {unknown}
 u - 2 potions of flight {unknown}
 w - 2 potions of haste
 B - a potion of mutation {unknown}
 D - 2 potions of brilliance {unknown}
 F - a potion of degeneration {unknown}
 H - a potion of cancellation {unknown}
Comestibles
 c - 4 chunks of flesh
 f - 15 rations


   Skills:
 - Level 6.0 Fighting
 + Level 9.0 Dodging
 + Level 9.5 Unarmed Combat
 - Level 4.0 Spellcasting
 - Level 9.0 Transmutations
 - Level 1.0 Poison Magic


You had 7 spell levels left.
You knew the following spells:

 Your Spells              Type           Power        Failure   Level  Hunger
a - Beastly Appendage     Tmut           ####..       11%         1    None
b - Sticks to Snakes      Tmut           ####....     13%         2    ##.....
c - Spider Form           Tmut/Pois      ###.......   38%         3    ###....
d - Blade Hands           Tmut           ####......   50%         5    ######.

Your spell library contained the following spells:

 Spells                   Type           Power        Failure   Level  Hunger
 Passwall                 Tmut/Erth      ###.....     30%         2    ##.....
 Animate Skeleton         Necr           N/A          61%         1    None
 Apportation              Tloc           #.....       61%         1    None
 Corona                   Hex            #......      61%         1    None
 Foxfire                  Conj/Fire      #...         61%         1    None
 Sandblast                Erth           #.....       61%         1    None
 Summon Small Mammal      Summ           #...         61%         1    None
 Ensorcelled Hibernation  Hex/Ice        #.....       69%         2    ##.....
 Ice Form                 Ice/Tmut       ###.....     71%         4    ####...
 Petrify                  Tmut/Erth      ###.....     71%         4    ####...
 Confusing Touch          Hex            #.......     86%         3    ###....
 Dazzling Flash           Conj/Hex       #.....       86%         3    ###....
 Stone Arrow              Conj/Erth      #.....       86%         3    ###....
 Tukima's Dance           Hex            #.......     86%         3    ###....
 Cause Fear               Hex            #.........   99%         4    ####...
 Lee's Rapid Deconstruct  Erth           #.........   100%        5    ######.
 Dragon Form              Tmut           ####......   100%        7    #######
 Dragon's Call            Summ           #.........   100%        9    #######


Dungeon Overview and Level Annotations

Branches:
Dungeon (10/15)            Temple (1/1) D:5          Bailey (visited)
   Lair: D:8-11         Orc: D:9-12

Altars:
Ashenzari
Cheibriados
Dithmenos
Elyvilon
Fedhas
Gozag
Hepliaklqana
Kikubaaqudgha
Makhleb
Nemelex Xobeh
Okawaru
Qazlal
Ru
Sif Muna
Trog
Uskayaw
Vehumet
Wu Jian
Xom
Yredelemnul
Zin
The Shining One

Shops:
D:6 =   D:7 [[**%

Annotations:
D:5 3 runed translucent doors, Exodus22XD's ghost, amateur DDFi; Sverke's ghost, novice GrFi; TangoThomas's ghost, amateur DsWr; denis1488's ghost, novice HuFi


Innate Abilities, Weirdness & Mutations

You can breathe blasts of fire.
Your fiery red scales are hard. (AC +7)
You cannot fit into any form of body armour.
Your flesh is heat resistant. (rF+)
You are cold-blooded and may be slowed by cold attacks.


Message History

You are feeling hungry.
There is nothing to wall jump against here.
Unknown command.
Your transformation is almost over.
Aiming: Wall Jump
Press: ? - help, Dir - move target cursor You repeatedly attack the wight from above.
You slice the wight!!
You destroy the wight!
The Council accepts your kill.
Your Dodging skill increases to level 9!
You repeatedly attack the two-headed ogre from above.
You slice the two-headed ogre!!
The two-headed ogre is moderately wounded.
You hit the two-headed ogre.
The two-headed ogre is heavily wounded.
You hit the two-headed ogre.
The two-headed ogre is heavily wounded.
The two-headed ogre hits you with a +0 giant spiked club!! x2
You die...

... .# . ...###
...##.###.
#...#z #.$...
... #..!. #.....
..# #$⌠%# #.z#.#
#.# ..$..##..#.#
#.#
#...#..#.###.#
#..)....○@O.#
#####.)).#.#####
#......))).#.#
##.#....)<##.#
.........##.#
#............#
.....##..#####
#.### #<.# #.
#..#


You could see a two-headed ogre.

Vanquished Creatures
  3 two-headed ogres
  Grum (D:8)
  A soldier ant (D:10)
  5 orc warriors
  A black bear (D:9)
  3 ice beasts
  A necrophage (D:8)
  2 wolves (D:8)
  5 centaurs
  10 ogres
  6 bullfrogs
  A big kobold (D:9)
  A scorpion (D:5)
  10 wights
  6 howler monkeys
  4 crimson imps
  2 bullfrog zombies
  4 hounds
  3 orc priests
  16 orc wizards
  4 centaur skeletons
  4 iguanas
  5 worker ants
  4 hound skeletons
  Robin (D:2)
  13 gnolls
  11 adders
  2 shadow imps (D:8)
  An ooze (D:3)
  2 adder skeletons
  5 worms
  3 dart slugs (D:1)
  6 leopard geckos
  37 orcs
  A ball python (D:1)
  10 bats
  6 giant cockroaches
  21 goblins
  13 hobgoblins
  11 jackals
  9 kobolds
  5 quokkas
  2 frilled lizards
  A quokka zombie (D:8)
  13 rats
275 creatures vanquished.

Vanquished Creatures (collateral kills)
  An ice beast (D:5)
  An ogre (D:4)
  A gnoll (D:4)
  A worm (D:3)
4 creatures vanquished.

Vanquished Creatures (others)
  6 plants
6 creatures vanquished.

Grand Total: 285 creatures vanquished

Notes
Turn   | Place    | Note
-------+----------+-------------------------------------------
     0 | D:1      | DogServant the Draconian Transmuter began the quest for the
                  | Orb.
     0 | D:1      | Reached XP level 1. HP: 16/16 MP: 3/3
   333 | D:1      | Reached XP level 2. HP: 23/23 MP: 3/5
   733 | D:1      | Reached XP level 3. HP: 29/29 MP: 6/6
  1269 | D:2      | Reached XP level 4. HP: 31/36 MP: 5/7
  1273 | D:2      | Learned a level 2 spell: Sticks to Snakes
  1468 | D:2      | Found an iron altar of Okawaru.
  2410 | D:2      | Noticed Robin
  2415 | D:2      | Killed Robin
  2613 | D:2      | Found an iron altar of Okawaru.
  2720 | D:2      | Reached XP level 5. HP: 41/41 MP: 6/8
  3699 | D:3      | Learned a level 3 spell: Spider Form
  3967 | D:3      | Noticed an ogre
  4121 | D:4      | Reached XP level 6. HP: 35/48 MP: 7/9
  4251 | D:4      | Reached skill level 5 in Unarmed Combat
  4592 | D:4      | You fall into a shaft and drop 3 floors!
  4632 | D:7      | Found Reurhe's Antique Armour Boutique.
  4658 | D:6      | Found a glowing silver altar of Zin.
  4697 | D:6      | Noticed an ice beast
  4718 | D:6      | Killed an ice beast
  5065 | D:5      | Entered Level 5 of the Dungeon
  5370 | D:5      | Found a runed translucent gate.
  5370 | D:5      | Found a runed translucent gate.
  5371 | D:5      | Noticed Exodus22XD's ghost (amateur DDFi)
  5372 | D:5      | Found a runed translucent gate.
  5545 | D:4      | Your scales start taking on a fiery red colour.
  5545 | D:4      | Reached XP level 7. HP: 43/55 MP: 10/10
  5545 | D:4      | Gained mutation: Your flesh is heat resistant. (rF+) [Red
                  | Draconian growth]
  5818 | D:4      | Found a basalt altar of Yredelemnul.
  5821 | D:4      | Found a radiant altar of Vehumet.
  5867 | D:4      | Reached skill level 1 in Poison Magic
  5948 | D:4      | Found a shadowy altar of Dithmenos.
  5951 | D:4      | Found a shimmering blue altar of Sif Muna.
  6087 | D:4      | Found a shimmering altar of Xom.
  6393 | D:5      | Noticed Sverke's ghost (novice GrFi)
  6394 | D:5      | Noticed TangoThomas's ghost (amateur DsWr)
  6395 | D:5      | Noticed denis1488's ghost (novice HuFi)
  6944 | D:5      | Reached XP level 8. HP: 66/66 MP: 11/11
  7017 | D:5      | Reached skill level 5 in Transmutations
  7242 | D:5      | Learned a level 5 spell: Blade Hands
  7410 | D:5      | Found a staircase to the Ecumenical Temple.
  7470 | Temple   | Entered the Ecumenical Temple
  8356 | D:6      | Found a hide-covered altar of Uskayaw.
  8361 | D:6      | Noticed a +0 hand axe
  8361 | D:6      | Noticed a +0 hand axe
  8398 | D:6      | Found Qaoledgh's Jewellery Shop.
  9088 | D:7      | Reached skill level 5 in Dodging
  9494 | D:7      | Found an ornate altar of the Wu Jian Council.
  9500 | D:7      | Became a worshipper of the Wu Jian Council
  9522 | D:7      | Found Cupix's General Store.
  9533 | D:7      | Found Funtoaff's Armour Shop.
  9540 | D:7      | Bought a +0 pair of gloves of strength for 138 gold pieces
  9563 | D:7      | Reached XP level 9. HP: 71/71 MP: 8/12
  9758 | D:7      | Found Suxefase's Food Shoppe.
  9783 | D:7      | Found Ynkeps's General Store.
  9899 | D:7      | Found a blossoming altar of Fedhas.
 10517 | D:8      | Noticed Grum
 10528 | D:8      | Killed Grum
 10870 | D:8      | Noticed a two-headed ogre
 11032 | D:3      | Reached * piety under Wu Jian
 11606 | D:8      | Killed a two-headed ogre
 11606 | D:8      | Reached XP level 10. HP: 78/78 MP: 13/13
 11692 | D:8      | Noticed a two-headed ogre
 11705 | D:8      | Killed a two-headed ogre
 11771 | D:8      | Found a burning altar of Makhleb.
 11874 | D:8      | Found a sparkling altar of Nemelex Xobeh.
 11875 | D:8      | Found a stormy altar of Qazlal.
 12278 | D:9      | Found a flagged portal.
 12286 | D:9      | Reached skill level 5 in Fighting
 12293 | Bailey   | Entered a bailey
 12648 | D:9      | Reached ** piety under Wu Jian
 13796 | D:10     | Entered Level 10 of the Dungeon
 13796 | D:10     | Noticed a two-headed ogre
 13807 | D:10     | Killed a two-headed ogre
 13931 | D:10     | Noticed a two-headed ogre
 13935 | D:10     | Reached XP level 11. HP: 48/89 MP: 12/17
 13943 | D:10     | Slain by a two-headed ogre

Illustrated notes

Levels and vault maps discovered:
D:1:      mrwooster_arrival_statue_2, layout_basic, st_stairs_14
D:2:      layout_basic, nicolae_overflow_crystal_walls, uniq_robin
D:3:      cheibrodos_old_hovel, layout_rooms, serial_park_tiny_2,
          minmay_goblin_outpost
D:4:      layout_basic, grunt_temple_overflow_cloverleaf,
          lemuel_coloured_pillars_altar
D:5:      layout_gridville, minmay_temple_entry_glass, first_ration,
          gammafunk_ghost_cemetery, minivault_5
D:6:      layout_basic, nicolae_overflow_hidden_temple, dancing_weapons_uskayaw,
          serial_shops, shop
D:7:      layout_basic, fedhas_altar_decomposition, lemuel_crystal_altar,
          serial_shops, shop, nicolae_shop_statue_plus, nicolae_shop_waterfront,
          shop, nicolae_shop_stone
D:8:      layout_rooms, gammafunk_temple_overflow_statue,
          makhleb_blood_cavern_becter, uniq_grum
D:9:      layout_stronghold, enter_bailey_2
D:10:     layout_loops_ring, blue_anna_alchemist [blue_anna_fruit_fields,
          blue_anna_fruit_fields], minmay_circle_x
Temple:   jpeg_temple_island

Skill      XL: |  1  2  3  4  5  6  7  8  9 10 11 |
---------------+----------------------------------+-----
Dodging        | 2 3 4 5 7 8 9 |  9.0
Fighting       | 2 4 6 |  6.0
Unarmed Combat | 4 5 6 8 9 |  9.5
Transmutations | 3 4 6 8 9 |  9.0
Poison Magic   | 1 |  1.0
Spellcasting   | 4 |  4.0

Action                   |  1- 3 |  4- 6 |  7- 9 | 10-12 || total
-------------------------+-------+-------+-------+-------++-------
Melee: Unarmed           |   120 |   321 |   378 |   170 ||   989
       Tailslap          |     9 |    33 |    36 |    22 ||   100
       Kick              |     7 |    17 |     6 |       ||    30
       Headbutt          |     6 |    14 |    12 |       ||    32
       Punch             |       |     4 |     9 |     5 ||    18
Throw: Dart              |       |       |     9 |       ||     9
 Cast: Beastly Appendage |    12 |    31 |    16 |       ||    59
       Sticks to Snakes  |       |     6 |     4 |       ||    10
       Spider Form       |       |       |    17 |       ||    17
       Blade Hands       |       |       |     2 |    14 ||    16
Invok: Lunge             |       |       |     7 |     7 ||    14
       Whirlwind         |       |       |       |     3 ||     3
 Abil: Breathe Fire      |       |       |    13 |     5 ||    18
       Wall Jump         |       |       |       |     4 ||     4
Evoke: Wand              |       |       |     1 |     2 ||     3
  Use: Scroll            |       |     7 |       |       ||     7
       Potion            |       |     1 |       |       ||     1
 Stab: Sleeping          |     3 |     1 |       |       ||     4
       Distracted        |       |     1 |       |       ||     1
  Eat: Chunk             |     1 |     9 |    17 |    15 ||    42
       Ration            |       |     2 |     2 |       ||     4
Armor: Skin              |    38 |    71 |    64 |    25 ||   198
Dodge: Dodged            |    78 |   224 |   308 |   137 ||   747
